 Dungeon Crawl Stone Soup version 0.22-a0-388-g09e6169 (webtiles) character file.

29407 Kikal the Destroyer (level 13, -2/58 HPs)
             Began as a Felid Air Elementalist on Apr 29, 2018.
             Was a High Priest of Vehumet.
             Slain by a wolf spider (8 damage)
             ... on level 1 of the Spider Nest.
             The game lasted 03:14:10 (38856 turns).

Kikal the Destroyer (Felid Air Elementalist)       Turns: 38856, Time: 03:14:12

Health: -2/58      AC:  3    Str:  4    XL:     13   Next: 15%
Magic:  21/35      EV: 26    Int: 21    God:    Vehumet [*****.]
Gold:   1338       SH:  0    Dex: 17    Spells: 0/28 levels left
                                        Lives:  0   Deaths: 3

rFire    . . .     SeeInvis +     - Unarmed
rCold    + + .     Gourm    .   (shield unavailable)
rNeg     . . .     Faith    .   (armour unavailable)
rPois    .         Spirit   .   (helmet unavailable)
rElec    .         Reflect  .   (cloak unavailable)
rCorr    .         Harm     .   (gloves unavailable)
MR       +....                  (boots unavailable)
Stlth    +++++.....             o - amulet of regeneration
HPRegen  0.59/turn              u - ring of magical power
MPRegen  0.24/turn              r - ring of protection from cold

@: very slightly contaminated, quick
A: very small, no armour, no weapons or thrown items, stealth, antennae 1, claws
1, fangs 3, see invisible, carnivore, speed 1, shaggy fur 3, slow metabolism 1,
MP-powered wands, sharp paws
a: Renounce Religion


You were on level 1 of the Spider Nest.
You worshipped Vehumet.
Vehumet was extremely pleased with you.
You were very hungry.

You visited 6 branches of the dungeon, and saw 24 of its levels.
You also visited: Labyrinth and Ice Cave.

You collected 1338 gold pieces.

Inventory:

Jewellery
 f - an uncursed ring of stealth
 o - an amulet of regeneration (around neck)
 r - a ring of protection from cold (right paw)
 u - a ring of magical power (left paw)
 E - an uncursed ring of fire
 K - the amulet "Baipp" {Inacc rElec}
   (You found it in a labyrinth)

   [amulet of inaccuracy]

   It reduces the accuracy of all your attacks.
   It insulates you from electricity.
 M - the amulet "Xiroliu" {Faith *Drain rElec rF+ Str+3}
   (You found it on level 6 of the Lair of Beasts)

   [amulet of faith]

   It allows you to gain divine favour quickly.
   It affects your strength (+3).
   It protects you from fire.
   It insulates you from electricity.
   It causes draining when unequipped.
Wands
 n - a wand of disintegration (29)
 t - a wand of iceblast (33)
 y - a wand of digging (12)
 B - a wand of flame (70)
 D - a wand of polymorph (12)
 J - a wand of acid (14)
Scrolls
 a - 2 scrolls of blinking
 c - 7 scrolls of teleportation
 e - 3 scrolls of magic mapping
 g - 16 scrolls of remove curse
 j - 7 scrolls of identify
 k - 8 scrolls of amnesia
 q - a scroll of fog
 w - a scroll of vulnerability
 H - a scroll of fear
Potions
 d - 2 potions of resistance
 h - 4 potions of heal wounds
 i - 5 potions of ambrosia
 l - 5 potions of lignification
 m - 2 potions of magic
 p - a potion of agility
 s - 9 potions of curing
 v - a potion of haste
 x - 5 potions of brilliance
 z - 2 potions of mutation
 A - a potion of might {unknown}
 F - 2 potions of flight
 G - a potion of cancellation {unknown}
 L - 2 potions of invisibility
Miscellaneous
 C - a crystal ball of energy
 I - a phantom mirror
Comestibles
 b - 35 rations


   Skills:
 - Level 8.0 Fighting
 - Level 10.0 Dodging
 - Level 9.3 Stealth
 - Level 6.0 Unarmed Combat
 - Level 8.2 Spellcasting
 - Level 13.0 Conjurations
 - Level 4.6 Charms
 + Level 5.4 Summonings
 + Level 6.5 Fire Magic
 - Level 12.0 Air Magic


You couldn't memorise any spells.
You knew the following spells:

 Your Spells              Type           Power        Failure   Level  Hunger
a - Shock                 Conj/Air       ####         1%          1    None
b - Static Discharge      Conj/Air       ######..     1%          3    None
c - Airstrike             Air            ######....   1%          4    ###....
d - Lightning Bolt        Conj/Air       ######....   1%          5    #####..
e - Iskenderun's Battles  Conj/Chrm      #####...     1%          5    #####..
f - Summon Lightning Spi  Summ/Air       #####...     2%          4    ###....
g - Bolt of Fire          Conj/Fire      #####.....   6%          6    ######.


Dungeon Overview and Level Annotations

Branches:
Dungeon (13/15)            Temple (1/1) D:5            Lair (6/6) D:8
 Shoals (1/4) Lair:3       Spider (2/4) Lair:2        Slime (0/5) Lair:6
    Orc (1/2) D:9
 Vaults: D:13-14

Altars:
Ashenzari
Cheibriados
Dithmenos
Elyvilon
Fedhas
Gozag
Hepliaklqana
Kikubaaqudgha
Makhleb
Nemelex Xobeh
Okawaru
Qazlal
Ru
Sif Muna
Trog
Uskayaw
Vehumet
Wu Jian
Xom
Yredelemnul
Zin
The Shining One

Shops:
D:5 *   D:9 (

Annotations:
Lair:3 exclusion: downstairs
Lair:6 exclusion: oklob plant
Shoals:1 Louise, Nikola


Innate Abilities, Weirdness & Mutations

You cannot wear armour.
You are incapable of wielding weapons or throwing items.
Your paws allow you to move quietly. (Stealth)
You have sharp claws.
You have razor-sharp teeth.
You have supernaturally acute eyesight. (SInv)
You are carnivorous and can eat meat at any time.
You cover ground quickly.
Your thick and shaggy fur keeps you warm. (AC +3, rC+)
You have a slow metabolism.
Your sharp claws are effective at attacking unaware monsters.
You have a pair of small antennae on your head.
You expend magic power (3 MP) to strengthen your wands.


Message History

The demonic crawler completely misses you.
The demonic crawler hits you. The wolf spider closely misses you.
The wolf spider completely misses you.
You climb upwards.
There is a stone staircase leading down here.
You take 1 damage, and have 21/58 hp.
The wolf spider hits you but does no damage.
The wolf spider bites you.
* * * LOW HITPOINT WARNING * * *
You take 5 damage, and have 16/58 hp.
The wolf spider completely misses you. The wolf spider barely misses you.
There is a crawl-hole back to the Lair here.
The demonic crawler hits you.
* * * LOW HITPOINT WARNING * * *
The demonic crawler misses you.
The demonic crawler completely misses you.
The wolf spider hits you!
* * * LOW HITPOINT WARNING * * *
The wolf spider bites you!
You die...

#.>.## #..#..### ≈≈##≈##
#..#### #≈#≈#≈###..#
.≈≈≈≈#≈#..## #######
..≈#≈≈≈≈...#####..##.##
..≈≈≈≈≈≈...#..##......###
.≈#≈##≈≈##..........#...#
#≈≈#≈#≈≈#......s....##..#
##≈≈≈≈####>#.#.s@..##.^##
# #≈#≈≈# #####....##..##
≈≈≈≈≈≈ ###.##..## ≈≈≈≈
###..#### ### ≈≈
#.....###.###
##..........### #
##.##........## ≈
##########.... ≈ ###..


You could see a demonic crawler and a wolf spider.

Vanquished Creatures
  Kirke (Lair:6)
  The ghost of Dargar the Spear-Bearer, a journeyman DsFi of Okawaru (Lair:6)
  A minotaur (Lab)
  A spark wasp (Spider:2)
  Josephine (D:12)
  2 catoblepae (Lair:6)
  6 hydras
  6 death yaks (Lair:6)
  Sonja (Lair:2)
  Urug (Lair:4)
  3 skeletal warriors (D:12)
  5 orb spiders (Spider:1)
  5 wolf spiders
  A cyclops (D:13)
  3 manticores
  A moth of wrath (Spider:1)
  14 elephants
  A torpor snail (Spider:1)
  A black mamba (Lair:4)
  4 spiny frogs
  10 freezing wraiths (IceCv)
  A rime drake (Lair:5)
  A demonic crawler (Spider:1)
  A kobold demonologist (D:8)
  7 komodo dragons
  10 jumping spiders
  2 tengu conjurers (D:13)
  2 trolls
  A polar bear (Lair:6)
  A hornet (D:12)
  13 blink frogs
  A snapping turtle (Lair:3)
  7 hippogriffs
  The ghost of VDreamerV the Insei, an amateur OpTm of Cheibriados (D:4)
  22 redbacks
  9 tarantellas
  48 yaks
  3 wraiths (D:12)
  3 wyverns
  9 hogs
  A human (D:8)
  2 vampire mosquitoes (D:13)
  A warg (D:9)
  Menkaure (D:6)
  2 acid dragons
  3 porcupines
  6 water moccasins
  A swamp drake (D:9)
  10 orc warriors
  2 black bears
  A hornet zombie (D:13)
  2 phantoms
  7 ice beasts
  5 centaurs
  7 wolves
  6 crocodiles
  10 ogres
  10 big kobolds
  15 bullfrogs
  A gnoll sergeant (D:8)
  A water moccasin zombie (D:5)
  4 scorpions
  A swamp dragon simulacrum (IceCv)
  6 killer bees
  5 wights
  5 howler monkeys
  3 electric eels
  4 centaur zombies
  6 crimson imps
  2 bullfrog zombies
  A draconian simulacrum (IceCv)
  3 hounds
  2 quasits
  A centaur skeleton (D:10)
  18 orc wizards
  8 orc priests
  A bullfrog skeleton (D:11)
  3 iron imps (D:6)
  3 iguanas
  3 polar bear simulacra (IceCv)
  11 worker ants
  A troll simulacrum (IceCv)
  2 centaur simulacra (IceCv)
  2 hound skeletons (D:8)
  8 gnolls
  9 adders
  5 naga simulacra (IceCv)
  4 shadow imps
  24 white imps
  An ooze (D:3)
  2 adder skeletons
  2 worms (D:2)
  2 dart slugs
  5 leopard geckos
  59 orcs
  10 bats
  5 giant cockroaches
  12 goblins
  7 hobgoblins
  4 quokkas
  2 frilled lizards
  A giant cockroach zombie (D:5)
  A jackal skeleton (D:5)
  16 kobolds
  A quokka skeleton (D:5)
  8 rats
  2 plants
590 creatures vanquished.

Vanquished Creatures (collateral kills)
  A catoblepas (Lair:6)
  2 skeletal warriors (D:12)
  A wolf spider (Spider:1)
  2 elephants
  A centaur skeleton (D:10)
  A torpor snail (Spider:1)
  4 jumping spiders (Spider:1)
  A hornet (Spider:1)
  7 redbacks (Spider:1)
  A tarantella (Spider:1)
  A hungry ghost (D:11)
  9 yaks
  A wraith (D:12)
  A vampire mosquito (D:13)
  A water moccasin (D:10)
  2 centaurs (D:12)
  A crocodile (Lair:6)
  2 wights (D:11)
  A jelly (D:10)
  An adder (D:11)
  A shadow imp (D:11)
  A leopard gecko (D:10)
43 creatures vanquished.

Vanquished Creatures (others)
  A human (Lair:6)
  A fire vortex (Spider:2)
  13 fungi
  24 plants
39 creatures vanquished.

Grand Total: 672 creatures vanquished

Notes
Turn   | Place    | Note
-------+----------+-------------------------------------------
     0 | D:1      | Kikal the Felid Air Elementalist began the quest for the Orb.
     0 | D:1      | Reached XP level 1. HP: 7/7 MP: 4/4
    20 | D:1      | Reached skill level 1 in Conjurations
   515 | D:1      | Reached XP level 2. HP: 11/11 MP: 0/6
  1463 | D:2      | Found an ornate altar of the Wu Jian Council.
  1522 | D:2      | Reached XP level 3. HP: 14/14 MP: 2/7
  1573 | D:2      | Learned a level 3 spell: Static Discharge
  2111 | D:2      | Reached skill level 2 in Conjurations
  2708 | D:3      | Reached XP level 4. HP: 18/18 MP: 6/9
  2894 | D:3      | Noticed an ice beast
  3358 | D:3      | Learned a level 4 spell: Airstrike
  3552 | D:3      | Reached XP level 5. HP: 21/21 MP: 6/10
  3925 | D:3      | Found a basalt altar of Yredelemnul.
  4065 | D:4      | Reached skill level 3 in Conjurations
  4440 | D:4      | Found a shimmering altar of Xom.
  4497 | D:4      | Noticed VDreamerV's ghost (amateur OpTm)
  4513 | D:4      | Killed VDreamerV's ghost
  4513 | D:4      | Reached skill level 5 in Air Magic
  4513 | D:4      | Gained mutation: You are covered in thick fur. (AC +2) [Felid growth]
  4513 | D:4      | Reached XP level 6. HP: 24/24 MP: 1/11
  4909 | D:4      | Found a glowing golden altar of the Shining One.
  4910 | D:4      | Found a sacrificial altar of Ru.
  4911 | D:4      | Found a hazy altar of Hepliaklqana.
  4911 | D:4      | Found a blossoming altar of Fedhas.
  4960 | D:4      | Reached XP level 7. HP: 27/27 MP: 2/12
  5075 | D:4      | Found a snail-covered altar of Cheibriados.
  5575 | D:5      | Entered Level 5 of the Dungeon
  5617 | D:5      | Reached skill level 1 in Fighting
  5716 | D:5      | Gained mutation: You have a pair of small antennae on your head. [potion of mutation]
  5716 | D:5      | Gained mutation: You are frail. (-10% HP) [potion of mutation]
  5716 | D:5      | Lost mutation: You are frail. (-10% HP) [potion of mutation]
  5716 | D:5      | Gained mutation: You expend magic power (3 MP) to strengthen your wands. [potion of mutation]
  5896 | D:5      | Found Biaqiphe's Assorted Antiques.
  5964 | D:5      | Reached skill level 4 in Conjurations
  7209 | D:6      | Reached XP level 8. HP: 34/34 MP: 5/14
  7346 | D:6      | Noticed Menkaure
  7353 | D:5      | Found a staircase to the Ecumenical Temple.
  7369 | Temple   | Entered the Ecumenical Temple
  7420 | Temple   | Became a worshipper of Vehumet
  7690 | D:6      | Reached skill level 5 in Conjurations
  8379 | D:6      | Killed Menkaure
  8437 | D:6      | Reached skill level 5 in Fighting
  9154 | D:6      | Found a burning altar of Makhleb.
  9350 | D:7      | Found an ancient bone altar of Kikubaaqudgha.
  9447 | D:7      | Reached * piety under Vehumet
  9447 | D:7      | Offered knowledge of Sandblast by Vehumet.
  9447 | D:7      | Reached XP level 9. HP: 40/40 MP: 7/16
  9941 | D:7      | Learned a level 5 spell: Lightning Bolt
  9964 | D:7      | Reached skill level 5 in Dodging
 10084 | D:7      | Found a shadowy altar of Dithmenos.
 10093 | D:7      | Reached skill level 6 in Conjurations
 11779 | D:8      | Reached skill level 5 in Spellcasting
 11863 | D:8      | Noticed a kobold demonologist
 11869 | D:8      | Killed a kobold demonologist
 11869 | D:8      | Reached XP level 10. HP: 40/44 MP: 2/18
 11975 | D:8      | Reached skill level 7 in Conjurations
 12395 | D:7      | Reached ** piety under Vehumet
 12395 | D:7      | Offered knowledge of Searing Ray by Vehumet.
 12395 | D:7      | Reached skill level 5 in Stealth
 13008 | D:8      | Found a staircase to the Lair.
 14017 | D:9      | Reached skill level 8 in Conjurations
 14497 | D:9      | Offered knowledge of Throw Frost by Vehumet.
 14985 | D:9      | Reached skill level 10 in Air Magic
 15013 | D:8      | Reached skill level 1 in Unarmed Combat
 15043 | D:9      | Found Gacoe's Antique Weapon Boutique.
 15217 | D:9      | Reached *** piety under Vehumet
 15556 | D:9      | Reached XP level 11. HP: 47/47 MP: 19/19
 15652 | D:9      | Found a staircase to the Orcish Mines.
 16175 | Lair:1   | Entered Level 1 of the Lair of Beasts
 16541 | Lair:1   | Offered knowledge of Dazzling Spray by Vehumet.
 16930 | Lair:1   | Mangled by a blink frog
 16931 | Lair:1   | Reached XP level 10. HP: -6/44 MP: 20/27
 17197 | Lair:1   | Reached skill level 5 in Unarmed Combat
 17231 | Lair:1   | Noticed a five-headed hydra
 17558 | Lair:1   | Killed a five-headed hydra
 17961 | Lair:2   | Found a frozen archway.
 17961 | Lair:2   | Noticed Sonja
 18008 | Lair:2   | Killed Sonja
 18008 | Lair:2   | Reached skill level 9 in Conjurations
 18234 | Lair:2   | Reached **** piety under Vehumet
 18246 | IceCv    | Entered an ice cave
 18306 | IceCv    | Offered knowledge of Iskenderun's Battlesphere by Vehumet.
 18491 | IceCv    | Learned a level 5 spell: Iskenderun's Battlesphere
 18627 | IceCv    | Reached skill level 1 in Charms
 18801 | IceCv    | Reached XP level 11. HP: 13/47 MP: 7/19
 19564 | IceCv    | Found an ancient bone altar of Kikubaaqudgha.
 20542 | Lair:2   | Noticed a seven-headed hydra
 20550 | Lair:2   | Killed a seven-headed hydra
 20605 | Lair:2   | Reached skill level 10 in Conjurations
 20686 | Lair:2   | Reached ***** piety under Vehumet
 20967 | Lair:2   | Offered knowledge of Iskenderun's Mystic Blast by Vehumet.
 21785 | Lair:2   | Noticed a wolf spider
 21788 | Lair:2   | Killed a wolf spider
 21815 | Lair:2   | Found a hole to the Spider Nest.
 22156 | Lair:2   | Gained mutation: Your thick and shaggy fur keeps you warm. (AC +3, rC+) [Felid growth]
 22156 | Lair:2   | Reached XP level 12. HP: 52/52 MP: 18/24
 22954 | Lair:3   | Noticed a five-headed hydra
 22959 | Lair:3   | Killed a five-headed hydra
 23073 | Lair:3   | Found a staircase to the Shoals.
 24032 | Lair:4   | Reached skill level 10 in Dodging
 24979 | Lair:4   | Noticed Urug
 25356 | Lair:4   | Killed Urug
 25547 | Lair:5   | Noticed a seven-headed hydra
 25551 | Lair:5   | Killed a seven-headed hydra
 26091 | Lair:4   | Learned a level 4 spell: Summon Lightning Spire
 26304 | Lair:5   | Reached skill level 1 in Summonings
 26432 | Lair:5   | Reached XP level 13. HP: 58/58 MP: 17/25
 26648 | Lair:6   | Entered Level 6 of the Lair of Beasts
 26789 | Lair:6   | Offered knowledge of Ozocubu's Refrigeration by Vehumet.
 26798 | Lair:6   | Noticed Dargar's ghost (journeyman DsFi)
 26805 | Lair:6   | Killed Dargar's ghost
 26972 | Lair:6   | Found a staircase to the Slime Pits.
 26989 | Lair:6   | Reached skill level 11 in Conjurations
 27168 | Lair:6   | Found a deep blue altar of Sif Muna.
 27168 | Lair:6   | Noticed Kirke
 27460 | Lair:6   | Killed Kirke
 27614 | Lair:6   | Found a glowing silver altar of Zin.
 29178 | Lair:6   | Reached skill level 5 in Summonings
 29597 | Lair:6   | Got a translucent iron amulet
 29600 | Lair:6   | Identified the amulet "Xiroliu" {Faith *Drain rElec rF+ Str+3} (You found it on level 6 of the Lair of Beasts)
 30093 | D:10     | Entered Level 10 of the Dungeon
 30191 | D:10     | Reached skill level 12 in Conjurations
 31268 | Orc:1    | Entered Level 1 of the Orcish Mines
 31268 | Orc:1    | Noticed an orc warlord
 31428 | D:11     | Offered knowledge of Bolt of Fire by Vehumet.
 31777 | D:11     | Reached XP level 14. HP: 63/63 MP: 12/26
 32360 | D:11     | Learned a level 6 spell: Bolt of Fire
 32361 | D:12     | Noticed Josephine
 32402 | D:12     | Killed Josephine
 32409 | D:12     | Reached skill level 1 in Fire Magic
 34416 | D:13     | Found a labyrinth entrance.
 34433 | Lab      | Entered a labyrinth
 34930 | Lab      | Got a translucent ivory amulet
 35511 | D:12     | Identified the amulet "Baipp" {Inacc rElec} (You found it in a labyrinth)
 35841 | Shoals:1 | Entered Level 1 of the Shoals
 35841 | Shoals:1 | Noticed Nikola
 35843 | Shoals:1 | Noticed Louise
 35915 | Spider:1 | Entered Level 1 of the Spider Nest
 36096 | Spider:1 | HP: 2/63 [tarantella[a torpor snail] (16)]
 36096 | Spider:1 | Mangled by a tarantella
 36097 | Spider:1 | Reached XP level 13. HP: -8/58 MP: 16/35
 36440 | Spider:1 | Reached skill level 5 in Fire Magic
 36443 | Spider:1 | Demolished by a moth of wrath
 36444 | Spider:1 | Reached XP level 12. HP: -14/55 MP: 5/34
 36481 | Spider:1 | Offered knowledge of Bolt of Magma by Vehumet.
 37778 | Spider:1 | Reached XP level 13. HP: 58/58 MP: 4/26
 37961 | Spider:1 | Reached skill level 13 in Conjurations
 38186 | Spider:1 | Noticed an emperor scorpion
 38635 | Spider:2 | Noticed a spark wasp
 38645 | Spider:2 | Killed a spark wasp
 38856 | Spider:1 | Slain by a wolf spider

Vault maps used:
D:1:      lightli_arrival_farm
D:2:      cheibrodos_helix_gallery, lemuel_round_altar, first_ration,
          kennysheep_cross_room
D:3:      yredelemnul_altar_generic
D:4:      chequers_temple_overflow_statue_of_worship, overflow_temple_1_default,
          lemuel_round_altar
D:5:      minmay_temple_entry_from_below_b, serial_shops,
          nicolae_shop_overgrown_old_shop, skrybe_limestone_x
D:6:      demons_altar, hangedman_abyss_or_decor_stagger, uniq_menkaure
D:7:      lemuel_crystal_altar, nicolae_dithmenos_the_darkroom
D:8:      grunt_lair_entry_orc_guard_hut, serial_glass, glass_columns_c,
          glass_columns_a, glass_columns_a, special_room, grunt_livestock
D:9:      erik_orc_1, serial_shops, shop_fountains
D:12:     uniq_josephine
D:13:     lab_entry_generic, grunt_gozag_breadcrumbs
Temple:   dshaligram_water_room_temple
Lair:2:   spider_nest_entry_funnel_web, portal_ice_cave_entry_imps, uniq_sonja
Lair:3:   minmay_shoals_entry_hut, wad_woods_road_02, serial_bayou_shore_b
Lair:4:   serial_bayou_shore_a, uniq_urug
Lair:6:   evilmike_catoblepas_cave, slime_dummy, basic_altar, st_stairs_7,
          lemuel_oklob_altar, lemuel_fruit_fields, uniq_kirke
Shoals:1: cheibrodos_shoals_epimethial_gifts, serial_shops, shop_statue,
          uniq_louise, uniq_nikola
Orc:1:    serial_shops, shop, basic_altar, elf_legates
Lab:      labyrinth_mini_lab, lab_fountain, nicolae_lab_checkerboard,
          labyrinth_skeletal_remains, nicolae_lab_garden, nicolae_lab_starburst,
          lab_block, nicolae_lab_do_over
IceCv:    ice_cave_small_necro

Skill      XL: |  1  2  3  4  5  6  7  8  9 10 11 12 13 14 |
---------------+-------------------------------------------+-----
Conjurations   | 1 2 3 4 5 6 9 10 13 | 13.0
Air Magic      | 3 5 6 7 8 10 11 12 | 12.0
Spellcasting   | 3 4 5 7 8 |  8.2
Fighting       | 3 5 6 8 |  8.0
Dodging        | 4 5 7 8 10 | 10.0
Stealth        | 4 7 9 |  9.3
Unarmed Combat | 6 4 |  6.0
Charms         | 1 4 |  4.6
Summonings     | 1 5 |  5.4
Fire Magic     | 6 5 4 |  6.5

Action                   |  1- 3 |  4- 6 |  7- 9 | 10-12 | 13-15 || total
-------------------------+-------+-------+-------+-------+-------++-------
Melee: Unarmed           |    47 |    16 |    16 |    46 |    48 ||   173
       Bite              |     2 |     2 |       |     1 |     8 ||    13
       Punch             |       |       |       |     2 |     1 ||     3
 Cast: Shock             |    72 |   103 |   275 |   250 |    45 ||   745
       Static Discharge  |     1 |     9 |    35 |   119 |    71 ||   235
       Airstrike         |       |     2 |    53 |   287 |   151 ||   493
       Lightning Bolt    |       |       |       |    81 |   111 ||   192
       Iskenderun's Batt |       |       |       |    29 |    21 ||    50
       Summon Lightning  |       |       |       |    12 |    55 ||    67
       Bolt of Fire      |       |       |       |       |     2 ||     2
Evoke: Wand              |       |       |       |     2 |     4 ||     6
  Use: Scroll            |       |       |     8 |     9 |    13 ||    30
       Potion            |       |       |     2 |       |     5 ||     7
 Stab: Sleeping          |     5 |       |     2 |     7 |     6 ||    20
  Eat: Chunk             |    11 |     6 |    24 |    90 |    68 ||   199
       Ration            |       |       |       |     7 |       ||     7
Armor: Skin              |     6 |     5 |     7 |     6 |     8 ||    32
Dodge: Dodged            |    44 |    48 |    49 |   197 |   244 ||   582

Table legend:
 A = Spawn XP
 B = Non-spawn XP
 C = Spawn XP percentage of total XP
 D = Spawn monster count
 E = Non-spawn monster count
 F = Spawn count percentage of total count
 G = Total turns spent on level
                    A         B        C        D         E        F      G
               +---------+---------+-------+---------+---------+-------+---------
         Total |       0 |  100782 |   0.0 |       0 |     631 |   0.0 | 38856
               +---------+---------+-------+---------+---------+-------+---------
           D:1 |       0 |      31 |   0.0 |       0 |      16 |   0.0 |  1395
           D:2 |       0 |      59 |   0.0 |       0 |      25 |   0.0 |  1599
           D:3 |       0 |     139 |   0.0 |       0 |      21 |   0.0 |  1238
           D:4 |       0 |     619 |   0.0 |       0 |      18 |   0.0 |  1379
           D:5 |       0 |     381 |   0.0 |       0 |      16 |   0.0 |  1736
           D:6 |       0 |    1451 |   0.0 |       0 |      36 |   0.0 |  2266
           D:7 |       0 |    1431 |   0.0 |       0 |      27 |   0.0 |  1584
           D:8 |       0 |    4344 |   0.0 |       0 |      51 |   0.0 |  3179
           D:9 |       0 |    3798 |   0.0 |       0 |      52 |   0.0 |  2386
          D:10 |       0 |    2173 |   0.0 |       0 |      26 |   0.0 |  1291
          D:11 |       0 |    2283 |   0.0 |       0 |      27 |   0.0 |  1048
          D:12 |       0 |    6853 |   0.0 |       0 |      24 |   0.0 |  1798
          D:13 |       0 |    2247 |   0.0 |       0 |      13 |   0.0 |   608
        Lair:1 |       0 |    4158 |   0.0 |       0 |      16 |   0.0 |  2154
        Lair:2 |       0 |    8385 |   0.0 |       0 |      43 |   0.0 |  1864
        Lair:3 |       0 |    2947 |   0.0 |       0 |      11 |   0.0 |  1896
        Lair:4 |       0 |    7902 |   0.0 |       0 |      25 |   0.0 |  1334
        Lair:5 |       0 |    5968 |   0.0 |       0 |      19 |   0.0 |  1813
        Lair:6 |       0 |   20851 |   0.0 |       0 |      52 |   0.0 |  2511
      Spider:1 |       0 |   16825 |   0.0 |       0 |      64 |   0.0 |  2557
      Spider:2 |       0 |    1807 |   0.0 |       0 |       4 |   0.0 |   384
         Orc:1 |       0 |     124 |   0.0 |       0 |       3 |   0.0 |     8
           Lab |       0 |    1178 |   0.0 |       0 |       1 |   0.0 |   499
         IceCv |       0 |    4828 |   0.0 |       0 |      41 |   0.0 |  2259
               +---------+---------+-------+---------+---------+-------+---------
